Map: Ley Lines

Players

Zystem - Winner!

  • Race: Zerg Zerg
  • League: Diamond
  • Spawn Location: 7:00

A.I. 1 (Very Easy)

  • Race: Protoss Protoss
  • Spawn Location: 1:00

VOD

Have the link to the VOD?

Description

Time

  • Played on: June 6, 2025, 5:29 p.m.
  • Length: 14:57
Show
View Real Time Build Order
Export as new Build Order

Zystem Zerg - Winner!

Build Orders: Pool First 

Get SALT Encoding   

  12  0:00  Drone  
  13  0:39  Spawning Pool  
  13  0:41  Extractor  
  11  0:50  Hatchery  
  11  0:51  Drone  
  11  1:26  Zergling x6  
  14  1:37  Overlord  
  14  1:44  Metabolic Boost  
  13  2:49  Zergling x2  
  13  2:50  Zergling x8  
  17  3:14  Lair  
  17  3:17  Extractor  
  17  3:18  Roach Warren  
  14  3:30  Drone x3  
  15  3:48  Zergling x8  
  16  4:05  Pneumatized Carapace  
  16  4:15  Burrow  
  15  4:40  Zergling x4  
  14  5:00  Zergling x2  
  14  5:01  Zergling x4  
  17  5:16  Zergling x4  
  19  5:34  Zergling x4  
  19  5:50  Zergling x4  
  19  5:56  Zergling x2  
  18  6:41  Glial Reconstitution  
  18  7:47  Infestation Pit  
  17  8:00  Tunneling Claws  
  17  8:42  Hive  
  17  9:16  Hydralisk Den  
  16  9:19  Baneling Nest  
  15  9:43  Neural Parasite  
  15  9:55  Grooved Spines  
  15  10:24  Lurker Den  
  15  10:25  Drone x3  
  17  10:33  Ultralisk Cavern  
  16  10:45  Muscular Augments  
  16  12:23  Adrenal Glands  
  16  12:35  Centrifugal Hooks  
  16  12:39  Seismic Spines  
  16  12:40  Chitinous Plating  
  16  12:53  Unknown  
  16  13:36  Adaptive Talons  
  16  13:59  Anabolic Synthesis  
Show
View Real Time Build Order
Export as new Build Order

A.I. 1 (Very Easy) Protoss 

Build Orders:  

Get SALT Encoding   

  12  0:00  Probe  
  13  0:13  Probe  
  14  0:19  Pylon  
  14  0:37  Assimilator  
  14  0:42  Gateway  
  14  0:46  Pylon  
  14  1:12  Assimilator  
  14  1:18  Probe  
  15  1:26  Probe  
  15  1:32  Cybernetics Core  
  16  1:34  Probe  
  17  1:44  Probe  
  18  1:56  Probe  
  18  1:57  Warp Gate  
  19  2:04  Probe  
  19  2:05  Stalker  
  22  2:24  Pylon  
  22  2:34  Stalker  
  22  2:35  Probe  
  22  2:47  Probe  
  17  2:59  Probe  
  17  3:05  Zealot  
  20  3:11  Probe  
  21  3:23  Probe  
  22  3:31  Stalker  
  22  3:36  Probe  
  17  3:48  Probe  
  12  4:00  Probe  
  13  4:08  Probe  
  13  4:09  Zealot  
  15  4:17  Probe  
  17  4:26  Probe  
  18  4:38  Stalker, Probe  
  12  4:50  Probe  
  13  5:02  Probe  
  14  5:11  Probe  
  14  5:20  Probe  
  16  5:29  Probe  
  16  5:30  Zealot  
  19  5:41  Probe  
  20  5:54  Robotics Facility  
  14  6:01  Probe  
  13  6:11  Probe  
  10  6:20  Probe  
Tags
 
League
Diamond
Matchup
PvZ
Opening
Pool First
Spawn Locations
Cross Positions
Add a new tag
Caveats
  • Supply blocks, unpowered buildings, or Contaminate may cause inaccurate times.
  • Supply counts are checked every 10 seconds.